 Dungeon Crawl Stone Soup version 0.30-a0-782-ge64f9170bb (webtiles) character file.

Game seed: 320666578979417643

66 theswoord the Chopper (level 3, -3/27 HPs)
             Began as a Demonspawn Gladiator on Feb 22, 2023.
             Slain by a gnoll
             ... wielding a +0 spear
              (7 damage)
             ... on level 3 of the Dungeon.
             The game lasted 00:02:03 (1331 turns).

theswoord the Chopper (Demonspawn Gladiator)        Turns: 1331, Time: 00:02:04

Health: -3/27      AC:  9    Str: 16    XL:     3   Next: 96%
Magic:  3/3        EV:  7    Int:  9    God:
Gold:   84         SH:  0    Dex: 14    Spells: 2/2 levels left

rFire   + . .      SeeInvis +    a - +0 war axe
rCold   . . .      Faith    .    (no shield)
rNeg    . . .      Spirit   .    i - +0 chain mail {rF+}
rPois   .          Reflect  .    c - +0 helmet
rElec   .          Harm     .    (no cloak)
rCorr   .          Rampage  .    (no gloves)
Will    +....                    (no boots) Stlth
                                 h - amulet of regeneration
HPRegen 1.04/turn                g - ring of see invisible
MPRegen 0.08/turn                n - ring of willpower

@: no status effects
A: demonic magic 1
a: no special abilities


You were on level 3 of the Dungeon.
You visited 1 branch of the dungeon, and saw 3 of its levels.

You collected 84 gold pieces.

Inventory:

Hand Weapons
 a - a +0 war axe (weapon)
 f - a +0 whip
Missiles
 d - 3 throwing nets (quivered)
 e - a javelin
Armour
 b - a +0 leather armour
 c - a +0 helmet (worn)
 i - a +0 chain mail of fire resistance (worn)
 r - a +0 pair of gloves
Jewellery
 g - a ring of see invisible (left hand)
 h - an amulet of regeneration (around neck)
 l - an amulet of magic regeneration
 n - a ring of willpower (right hand)
Scrolls
 j - a scroll of noise
 q - a scroll of blinking
Potions
 k - a potion of mutation {unknown}
 m - a potion of brilliance {unknown}
 o - a potion of ambrosia {unknown}
 p - a potion of curing {unknown}


   Skills:
 - Level 2.0 Fighting
 + Level 4.4 Axes
 - Level 1.7 Throwing
 - Level 2.6 Dodging


You had 2 spell levels left.
You didn't know any spells.
Your spell library contained the following spells:

 Spells                   Type           Power      Damage    Failure   Level
 Inner Flame              Hex/Fire       0%         N/A       100%        3
 Flame Wave               Conj/Fire      0%         2d4       100%        4
 Sticky Flame             Conj/Fire      0%         2d3       100%        4


Dungeon Overview and Level Annotations

Branches:
Dungeon (3/15)

Altars:
Makhleb


Innate Abilities, Weirdness & Mutations

Spells you cast may paralyse adjacent enemies.


Message History

You hit the frilled lizard.
You kill the frilled lizard!
No target in view!
No target in view!
You now have 84 gold pieces (gained 2).
Things that are here:
a +0 dagger; 2 stones; a kobold corpse
Found an amulet of regeneration.
You see here a +0 ring mail.
p - a sedimented green potion
q - a scroll of blinking No target in view!
No target in view!
Found a whip.
r - a +0 pair of gloves A gnoll comes into view.
It is wielding a +0 spear.
The gnoll shouts!
A gnoll comes into view. It is wielding a +0 halberd.
There are monsters nearby!
The gnoll shouts!
You hear a shout!
The gnoll barely misses you.
You barely miss the gnoll.
A gnoll comes into view. It is wielding a +0 flail.
The gnoll hits you but does no damage.
You barely miss the gnoll.
The gnoll hits you from afar with a +0 halberd!
The gnoll hits you but does no damage.
You hit the gnoll.
The gnoll hits you from afar with a +0 halberd!
* * * LOW HITPOINT WARNING * * *
The gnoll hits you but does no damage.
You closely miss the gnoll. The gnoll barely misses you.
The gnoll closely misses you. The gnoll hits you but does no damage.
The gnoll barely misses you. The gnoll hits you with a +0 flail.
* * * LOW HITPOINT WARNING * * *
You closely miss the gnoll. You barely miss the gnoll.
The gnoll hits you with a +0 flail.
* * * LOW HITPOINT WARNING * * *
The gnoll barely misses you. The gnoll hits you with a +0 spear!
You die...

#..≈....#......##.....#
...≈..#..#..".).##.####
..#....#....#..#.##.#
.... .#........#.# #..
####.......# #...
#.#....##
#...#####.#.##.#
#..gg.......#..##
#g@...........#
#.............#
##..............
#..$....../####
#..........#
#..........#
#..........#
#..........#
#.##########


You could see 3 gnolls.

Vanquished Creatures
  2 adders (D:3)
  A worm (D:2)
  A ball python (D:1)
  An endoplasm (D:2)
  4 giant cockroaches
  5 goblins
  A hobgoblin (D:1)
  3 jackals (D:1)
  4 quokkas
  6 bats
  3 frilled lizards
  5 kobolds
  7 rats
43 creatures vanquished.

Notes
Turn   | Place    | Note
-------+----------+-------------------------------------------
     0 | D:1      | theswoord the Demonspawn Gladiator began the quest for the
                  | Orb.
     0 | D:1      | Reached XP level 1. HP: 16/16 MP: 1/1
    61 | D:1      | Reached skill level 3 in Axes
   118 | D:1      | Gained mutation: Spells you cast may paralyse adjacent
                  | enemies. [demonic ancestry]
   118 | D:1      | Reached XP level 2. HP: 21/22 MP: 2/2
   707 | D:2      | Reached XP level 3. HP: 24/27 MP: 3/3
   901 | D:2      | Found a burning altar of Makhleb.
  1163 | D:2      | Reached skill level 4 in Axes
  1331 | D:3      | Slain by a gnoll

Skill      XL: |  1  2  3 |
---------------+----------+-----
Axes           | 3 4 |  4.4
Fighting       | |  2.0
Throwing       | |  1.7
Dodging        | |  2.6

Action                     || total
---------------------------++-------
  Melee: War axe           ||   135
    Use: Scroll            ||     5
 Armour: Leather armour    ||    36
         Chain mail        ||    32
  Dodge: Dodged            ||    86

Levels and vault maps discovered:
D:1:      scummos_arrival_hexagon, layout_loops_ring, minmay_surrounded
D:2:      layout_basic, basic_altar
D:3:      layout_rooms, mainiacjoe_overflow_boulevard, minitemple, serial_shops,
          shop, nrook_mini_vaults
